Map: Galactic Process LE

Players

Logifresh

  • Race: Protoss Protoss
  • League: Diamond

Onaibrum - Winner!

  • Race: Zerg Zerg
  • League: Master

VOD

Have the link to the VOD?

Description

Time

  • Played on: Aug. 13, 2016, 11:52 p.m.
  • Length: 17:27
Show
View Real Time Build Order
Export as new Build Order

Logifresh Protoss 

Build Orders:  

Get SALT Encoding   

  12  0:01  Probe (Chrono Boost)  
  13  0:11  Probe (Chrono Boost)  
  14  0:17  Pylon  
  14  0:22  Probe (Chrono Boost)  
  16  0:35  Probe (Chrono Boost)  
  16  0:38  Gateway  
  16  0:45  Assimilator  
  16  0:48  Probe (Chrono Boost)  
  17  1:03  Probe (Chrono Boost)  
  18  1:21  Gateway, Zealot  
  20  1:29  Pylon  
  20  1:40  Probe (Chrono Boost)  
  20  1:42  Cybernetics Core  
  20  1:48  Zealot  
  20  1:49  Assimilator  
  20  1:53  Probe (Chrono Boost)  
  23  2:07  Probe (Chrono Boost)  
  26  2:23  Adept  
  26  2:24  Mothership Core (Chrono Boost)  
  26  2:32  Pylon  
  26  2:44  Probe (Chrono Boost)  
  27  2:56  Cybernetics Core, Probe (Chrono Boost)  
  25  3:07  Nexus  
  25  3:08  Pylon  
  25  3:15  Probe (Chrono Boost)  
  25  3:19  Warp Gate  
  26  3:28  Gateway  
  26  3:35  Adept  
  29  3:41  Probe (Chrono Boost)  
  29  3:53  Stargate  
  29  3:55  Probe (Chrono Boost)  
  30  4:02  Adept  
  32  4:08  Probe (Chrono Boost)  
  33  4:20  Probe (Chrono Boost)  
  33  4:22  Pylon  
  34  4:28  Probe (Chrono Boost)  
  36  4:32  Probe (Chrono Boost)  
  37  4:38  Probe (Chrono Boost)  
  37  4:42  Oracle  
  37  4:51  Assimilator, Probe x2 (Chrono Boost)  
  42  4:53  Assimilator  
  42  4:57  Twilight Council  
  42  5:04  Probe (Chrono Boost)  
  42  5:05  Probe (Chrono Boost)  
  44  5:16  Probe (Chrono Boost)  
  44  5:17  Probe (Chrono Boost)  
  46  5:24  Void Ray, Pylon  
  48  5:28  Probe (Chrono Boost)  
  48  5:29  Probe (Chrono Boost)  
  52  5:40  Probe (Chrono Boost)  
  52  5:41  Probe (Chrono Boost)  
  54  5:48  Blink  
  54  5:53  Probe x2 (Chrono Boost)  
  56  5:57  Nexus  
  57  6:05  Probe (Chrono Boost)  
  57  6:09  Sentry x2  
  61  6:11  Void Ray  
  65  6:24  Probe (Chrono Boost)  
  65  6:25  Probe (Chrono Boost)  
  67  6:36  Probe (Chrono Boost)  
  69  6:40  Probe (Chrono Boost)  
  69  6:41  Robotics Facility  
  69  6:42  Gateway  
  70  6:48  Probe (Chrono Boost)  
  70  6:53  Pylon  
  70  6:57  Templar Archives  
  70  7:09  Forge  
  70  7:10  Probe (Chrono Boost)  
  70  7:11  Pylon  
  70  7:13  Pylon  
  71  7:17  Stalker x2  
  77  7:23  Probe x2 (Chrono Boost)  
  77  7:24  Psionic Storm  
  75  7:30  Probe (Chrono Boost)  
  75  7:39  Probe x2 (Chrono Boost)  
  75  7:40  Gateway, Probe (Chrono Boost)  
  75  7:42  Gateway  
  78  7:51  Probe x3 (Chrono Boost)  
  80  8:02  Adept  
  80  8:03  Adept x2, Probe (Chrono Boost)  
  79  8:09  Protoss Ground Weapons Level 1  
  79  8:14  Probe (Chrono Boost)  
  79  8:17  Probe (Chrono Boost)  
  79  8:18  Probe (Chrono Boost)  
  82  8:20  Gateway  
  82  8:23  High Templar x2  
  82  8:24  High Templar  
  88  8:31  Probe (Chrono Boost), Charge  
  89  8:40  Probe (Chrono Boost)  
  91  8:41  Probe (Chrono Boost)  
  91  8:42  Adept  
  91  8:47  Immortal  
  97  8:50  Stalker  
  97  8:51  Probe (Chrono Boost)  
  101  8:55  Probe (Chrono Boost)  
  101  8:58  Pylon  
  101  9:03  Adept x2  
  101  9:04  Adept x2  
  109  9:10  Assimilator  
  109  9:12  Pylon  
  109  9:14  Assimilator  
  109  9:16  Pylon  
  110  9:18  Probe (Chrono Boost)  
  110  9:19  Gateway  
  110  9:22  Pylon  
  110  9:26  Adept x3  
  120  9:31  Immortal  
  120  9:33  Zealot x2  
  124  9:46  Pylon  
  124  9:48  Gateway  
  124  9:51  High Templar  
  124  9:52  Gateway, Zealot x2  
  130  10:02  Zealot x3  
  130  10:05  Protoss Ground Weapons Level 2  
  140  10:14  Immortal  
  140  10:21  Dark Shrine  
  140  10:27  Zealot x4  
  148  10:40  Gateway  
  148  10:42  Gateway  
  148  10:43  Pylon  
  148  10:45  Pylon  
  148  10:58  Pylon  
  148  11:00  Pylon  
  148  11:01  Warp Prism  
  148  11:02  Pylon  
  150  11:07  Nexus  
  150  11:43  Observer  
  151  11:48  Pylon  
  151  11:49  Pylon  
  151  11:51  Pylon  
  151  11:53  Pylon  
  151  11:54  Stalker x6  
  155  11:55  Pylon  
  163  12:04  Observer  
  164  12:15  Photon Cannon  
  162  12:16  Photon Cannon  
  162  12:18  Photon Cannon  
  94  12:33  Zealot x5  
  102  12:37  Zealot x3  
  102  12:38  Zealot x2  
  110  12:45  Observer  
  99  13:03  Zealot x5  
  99  13:04  Zealot x2  
  94  13:06  Observer  
  94  13:10  Zealot x2  
  94  13:11  Zealot  
  76  13:24  Stalker x5  
  76  13:25  Stalker x2  
  82  13:32  High Templar  
  82  13:33  High Templar x2  
  71  13:42  Immortal  
  69  13:50  Dark Templar x5  
  60  14:12  Cybernetics Core  
  60  14:16  High Templar x2  
  60  14:22  Immortal  
  64  14:33  Zealot x3  
  62  14:55  Zealot x2  
  62  14:56  Zealot  
  68  15:22  Zealot x3  
  68  15:23  Zealot  
  76  15:37  Immortal  
  66  16:17  Zealot x3  
  66  16:18  Zealot x2  
  77  16:26  Probe (Chrono Boost)  
  77  16:38  Probe (Chrono Boost)  
Show
View Real Time Build Order
Export as new Build Order

Onaibrum Zerg - Winner!

Build Orders: Pool First, Lurkers 

Get SALT Encoding   

  12  0:01  Drone  
  13  0:23  Spawning Pool  
  12  0:29  Overlord  
  12  1:09  Zergling x2  
  12  1:10  Zergling x2  
  12  1:11  Zergling x2  
  15  1:22  Zergling x2  
  16  1:31  Zergling x2  
  17  1:34  Hatchery  
  16  1:42  Zergling x2  
  16  1:45  Queen  
  19  1:53  Zergling x2  
  21  2:08  Zergling x2  
  21  2:19  Zergling x2  
  22  2:28  Overlord  
  20  2:53  Zergling x6  
  19  3:04  Drone x5  
  23  3:18  Extractor, Queen  
  23  3:19  Drone  
  26  3:20  Drone x2  
  26  3:51  Drone  
  26  3:52  Drone x7  
  34  4:01  Overlord  
  34  4:10  Drone  
  35  4:19  Queen  
  35  4:20  Zergling x4  
  39  4:25  Roach Warren  
  39  4:28  Drone x4  
  39  4:30  Drone  
  43  4:38  Overlord  
  43  4:47  Extractor, Drone  
  43  4:48  Drone  
  44  5:05  Lair  
  44  5:06  Drone x3  
  47  5:13  Hatchery  
  46  5:14  Drone x2  
  46  5:15  Drone  
  49  5:26  Spore Crawler  
  49  5:27  Spore Crawler, Drone  
  49  5:28  Drone  
  49  5:37  Drone x3  
  49  5:38  Spine Crawler  
  49  5:39  Spore Crawler  
  47  5:59  Drone x5  
  47  6:03  Extractor  
  51  6:05  Evolution Chamber  
  51  6:06  Drone x2  
  51  6:07  Evolution Chamber  
  51  6:08  Overlord x2  
  51  6:21  Overlord x2  
  51  6:22  Overlord  
  51  6:26  Hydralisk Den  
  50  6:41  Zerg Missile Weapons Level 1, Zerg Ground Armor Level 1  
  50  6:45  Queen  
  52  6:52  Overseer  
  52  6:53  Overseer  
  52  6:55  Hydralisk x4  
  52  6:58  Hydralisk  
  62  7:09  Drone  
  62  7:10  Drone x3  
  62  7:11  Extractor, Drone  
  66  7:29  Hydralisk x4  
  66  7:30  Hydralisk  
  75  7:43  Hydralisk  
  75  7:44  Hydralisk x2  
  75  7:46  Overlord x2  
  79  8:02  Hydralisk  
  79  8:04  Overlord x2  
  81  8:12  Roach x5  
  90  8:34  Roach x6  
  90  8:35  Spore Crawler  
  90  8:38  Spore Crawler  
  98  8:43  Zerg Ground Armor Level 2  
  98  8:51  Drone x4  
  102  8:55  Pneumatized Carapace  
  102  8:57  Overseer  
  102  9:06  Drone  
  102  9:07  Drone x3  
  106  9:17  Zerg Missile Weapons Level 2  
  106  9:19  Lurker Den  
  106  9:21  Overseer  
  106  9:36  Drone x2  
  106  9:37  Drone x5  
  113  9:38  Extractor  
  113  9:39  Extractor  
  111  10:11  Overlord  
  111  10:12  Overlord x2  
  111  10:21  Overlord x2  
  111  10:35  Hatchery  
  110  10:45  Hydralisk  
  110  10:46  Hydralisk x7  
  126  11:04  Overlord x3  
  126  11:09  Muscular Augments  
  126  11:17  Lurker x6  
  126  11:18  Lurker x3  
  135  11:20  Hydralisk x2  
  135  11:22  Overlord x4  
  135  11:23  Zergling x2  
  135  11:24  Zergling x14  
  139  11:44  Hydralisk  
  139  11:45  Hydralisk x3  
  147  11:48  Overseer  
  131  12:29  Hydralisk  
  113  12:30  Hydralisk x10  
  113  12:32  Zergling x4  
  80  13:23  Hydralisk x8  
  95  13:45  Drone x5  
  95  13:46  Drone  
  101  14:09  Overseer x2  
  79  14:38  Drone x11  
  82  14:39  Drone  
  91  15:10  Zergling x18  
  99  15:29  Baneling Nest  
  92  16:14  Zergling x20  
  92  16:15  Zergling x20  
  110  16:29  Baneling x2  
  107  16:45  Zergling x18  
  86  16:50  Zergling x6  
  74  17:04  Zergling x6  
  76  17:14  Hydralisk Den  
  76  17:15  Drone  
Tags
 
Add a new tag
Caveats
  • Supply blocks, unpowered buildings, or Contaminate may cause inaccurate times.
  • Supply counts are checked every 10 seconds.